 Dungeon Crawl Stone Soup version 0.29-a0-231-g945431f764 (webtiles) character file.

Game seed: 8117760792413685142

107 Aksej the Skirmisher (level 4, -3/37 HPs)
             Began as a Demonspawn Monk on Feb 28, 2022.
             Slain by a gnoll
             ... wielding a +0 halberd
              (13 damage)
             ... on level 2 of the Dungeon.
             The game lasted 00:04:49 (2406 turns).

Aksej the Skirmisher (Demonspawn Monk)              Turns: 2406, Time: 00:04:50

Health: -3/37      AC:  3    Str: 11    XL:     4   Next: 56%
Magic:  4/4        EV: 13    Int: 11    God:
Gold:   52         SH:  0    Dex: 18    Spells: 3/3 levels left

rFire   . . .      SeeInvis .   a - +0 mace
rCold   . . .      Faith    .   (no shield)
rNeg    . . .      Spirit   .   b - +0 robe
rPois   .          Reflect  .   (no helmet)
rElec   .          Harm     .   d - +0 cloak
rCorr   .          Rampage  .   (no gloves)
Will    .....                   (no boots)
Stlth   ++........              (no amulet)
HPRegen 0.12/turn               (no ring)
MPRegen 0.09/turn               (no ring)

@: no status effects
A: demonic magic 1, demonic touch 1
a: no special abilities


You were on level 2 of the Dungeon.
You visited 1 branch of the dungeon, and saw 2 of its levels.

You collected 52 gold pieces.

Inventory:

Hand Weapons
 a - a +0 mace (weapon)
Armour
 b - a +0 robe (worn)
 d - a +0 cloak (worn)
Potions
 c - a potion of resistance
 f - a potion of lignification
 g - a potion of flight
 h - a potion of degeneration {unknown}


   Skills:
 * Level 3.7 Fighting
 + Level 3.7 Maces & Flails
 + Level 3.1 Dodging
 + Level 2.6 Stealth


You had 3 spell levels left.
You didn't know any spells.
Your spell library contained the following spells:

 Spells                   Type           Power      Damage    Failure   Level
 Animate Armour           Summ/Erth      0%         N/A       98%         4
 Blade Hands              Tmut           0%         N/A       100%        5
 Iron Shot                Conj/Erth      0%         9d1       100%        6


Dungeon Overview and Level Annotations

Branches:
Dungeon (2/15)

Altars:


Innate Abilities, Weirdness & Mutations

Spells you cast may paralyse adjacent enemies.
Your touch may inflict minor irresistible damage on your foes.


Message History

The gnoll hits you with a +0 club.
You hit the gnoll but do no damage.
You touch the gnoll.
The gnoll is severely wounded.
The gnoll barely misses you.
You hit the gnoll.
The gnoll is severely wounded.
The gnoll hits you with a +0 club! The gnoll hits you with a +0 club.
You hit the gnoll but do no damage.
The gnoll is severely wounded.
The gnoll closely misses you.
You sock the gnoll!
You kill the gnoll!
A gnoll is nearby!
Items here: ( ))) [ ††.
You open the door.
There is an open door here.
There is an open door here.
There is an open door here.
A gnoll is nearby!
The gnoll shouts!
The gnoll hits you with a +0 club.
You hit the gnoll.
You touch the gnoll.
The gnoll is heavily wounded.
The gnoll hits you with a +0 club.
You hit the gnoll. Your touch misses the gnoll.
The gnoll is heavily wounded.
The gnoll barely misses you.
You hit the gnoll.
You kill the gnoll!
The gnoll shouts!
The gnoll hits you from afar with a +0 halberd!
The gnoll hits you with a +0 halberd!
* * * LOW HITPOINT WARNING * * *
You hit the gnoll.
The gnoll is heavily wounded.
The gnoll misses you. The gnoll closely misses you.
You hit the gnoll but do no damage.
You touch the gnoll.
The gnoll is severely wounded.
The gnoll hits you with a +0 halberd!
You die...

#......###.#.#...##.#.### #.#
#......# #.#......(.#...# #.#
#......###.#.#.########.# #.#
###......#...#..........# #.#
##########.###################.#
...............................#
..............................>#
.#########.#########........<#.#
................@.............)##
.................g...#...........
.#######.........#####.#####...##
.# #.........# #.)..####...# .#
#.........# #.........#.# .#
#.........# #.........#.# .#
###.#########.........#.## .#
#.........'.........#..# .#####
###########.........#...


You could see a gnoll.

Vanquished Creatures
  A gnoll shaman (D:2)
  An adder (D:2)
  2 gnolls (D:2)
  A worm (D:2)
  3 dart slugs
  4 ball pythons
  4 bats
  5 endoplasms
  5 goblins
  3 hobgoblins
  2 quokkas (D:2)
  2 frilled lizards
  4 kobolds
  3 rats
40 creatures vanquished.

Notes
Turn   | Place    | Note
-------+----------+-------------------------------------------
     0 | D:1      | Aksej the Demonspawn Monk began the quest for the Orb.
     0 | D:1      | Reached XP level 1. HP: 18/18 MP: 1/1
   453 | D:1      | Gained mutation: Spells you cast may paralyse adjacent
                  | enemies. [demonic ancestry]
   453 | D:1      | Reached XP level 2. HP: 14/24 MP: 2/2
  1451 | D:2      | Gained mutation: Your touch may inflict minor irresistible
                  | damage on your foes. [demonic ancestry]
  1451 | D:2      | Reached XP level 3. HP: 29/29 MP: 3/3
  2116 | D:2      | Reached XP level 4. HP: 29/37 MP: 4/4
  2406 | D:2      | Slain by a gnoll

Illustrated notes

Levels and vault maps discovered:
D:1:      nicolae_arrival_washed_ashore, layout_basic
D:2:      layout_basic

Skill      XL: |  1  2  3 |
---------------+----------+-----
Maces & Flails | 3 |  3.7
Stealth        | 2 |  2.6
Dodging        | 3 |  3.1
Fighting       | |  3.7

Action                   |  1- 3 |  4- 6 || total
-------------------------+-------+-------++-------
Melee: Mace              |    97 |    10 ||   107
       Punch             |     2 |       ||     2
       Touch             |     9 |     4 ||    13
  Use: Scroll            |     6 |       ||     6
       Potion            |     2 |       ||     2
 Stab: Sleeping          |     9 |       ||     9
Armor: Robe              |    10 |       ||    10
Dodge: Dodged            |    54 |     5 ||    59

Table legend: (Time is in decaauts)
 A = Elapsed time spent in this place.
 B = Non-inter-level travel time spent in this place.
 C = Inter-level travel time spent in this place.
 D = Time resting spent in this place.
 E = Time spent auto-exploring this place.
 F = Levels seen in this place.
 G = Mean time per level.
                   A        B        C        D        E       F      G
               +--------+--------+--------+--------+--------+-----+--------+
         Total |   2431 |   2413 |     18 |      0 |   2064 |   2 | 1215.5 |
       Dungeon |   2431 |   2413 |     18 |      0 |   2064 |   2 | 1215.5 |
               +--------+--------+--------+--------+--------+-----+--------+

Top non-repeatable levels by time:
     D:1: 1301 daAuts
     D:2: 1130 daAuts
